 Dungeon Crawl Stone Soup version 0.17.1-3-g152610e (webtiles) character file.

49 manyhoops the Magician (level 3, -1/19 HPs)
             Began as a Deep Elf Air Elementalist on Apr 9, 2016.
             Slain by an adder (3 damage)
             ... on level 2 of the Dungeon.
             The game lasted 00:04:32 (1491 turns).

manyhoops the Magician (Deep Elf Air Elementalist)  Turns: 1491, Time: 00:04:32

Health: -1/19      AC:  2    Str:  5    XL:     3   Next: 53%
Magic:  0/11       EV: 13    Int: 20    God:
Gold:   99         SH:  0    Dex: 15    Spells: 4 memorised, 3 levels left

rFire  . . .     SeeInvis .     f - +0 dagger
rCold  . . .     Clarity  .     a - +0 robe
rNeg   . . .     SustAt   .     (no shield)
rPois  .         Gourm    .     (no helmet)
rElec  .         Spirit   .     (no cloak)
rCorr  .         Warding  .     (no gloves)
rMut   .         Stasis   .     (no boots)
MR     .....                    (no amulet)
Stlth  ++........               (no ring)
                                (no ring)

@: lethally poisoned (-1 -> -8), very slightly contaminated, repel missiles, not
resistant to hostile enchantments, unstealthy
A: no striking features
a: no special abilities


You were on level 2 of the Dungeon.
You were not hungry.

You visited 1 branch of the dungeon, and saw 2 of its levels.

You collected 99 gold pieces.

Inventory:

Hand Weapons
 f - a +0 dagger (weapon)
Armour
 a - a +0 robe (worn)
Jewellery
 g - an uncursed ring of poison resistance {unknown}
Scrolls
 j - a scroll of enchant armour {unknown}
Books
 b - a book of Air

   Spells                             Type                      Level
   a - Shock                          Conjuration/Air              1
   b - Swiftness                      Charms/Air                   2
   c - Repel Missiles                 Charms/Air                   2
   d - Static Discharge               Conjuration/Air              3
   e - Lightning Bolt                 Conjuration/Air              5
Comestibles
 c - 2 bread rations
 i - a slice of pizza


   Skills:
 - Level 2.4 Dodging
 + Level 2.9 Stealth
 + Level 4.6 Spellcasting
 + Level 2.0 Conjurations
 - Level 3.0 Air Magic


You had 3 spell levels left.
You knew the following spells:

 Your Spells              Type           Power        Failure   Level  Hunger
a - Shock                 Conj/Air       ##..         4%          1    None
b - Swiftness             Chrm/Air       ##......     12%         2    #......
c - Repel Missiles        Chrm/Air       ##....       12%         2    #......
d - Static Discharge      Conj/Air       ##......     14%         3    ##.....


Dungeon Overview and Level Annotations

Branches:
Dungeon (2/15)

Altars:


Message History

Casting: Shock
Confirm with . or Enter, or press ? or * to list all spells.
Aiming: Shock
Press: ? - help, Shift-Dir - straight line, f/p - adder
Aim: an adder (almost dead)
The zap misses the adder.
The zap hits the kobold.
The kobold is moderately wounded.
The adder closely misses you. The kobold misses your butterfly.
You miss the adder.
The adder is almost dead.
The adder barely misses you.
You barely miss the adder.
The adder is almost dead.
The adder bites you.
* * * LOW HITPOINT WARNING * * *
You are lethally poisoned!
The adder poisons you!
The kobold completely misses your butterfly.
The adder bites you.
You die...

.......##.## *,,,,,,,,,,,,...*
.....####..# *...............***
.....#####.####...............,,,
..................>........,,.##*
###########.######.........,,...,
# #..# #........#**#.#* #
##.#####....#*#b# #.#, #
#.##.....b.###.####.#. #######
#....@SK..b........... ......#
#.....b)..#..........<
#####.######.....b...#...........
#.............bb.b............
#.......##........#b..........
#.......##........#..>........
#.......##......<.#...........
####.......##........#...........
...........##........#...........


You could see an adder and a kobold.

Vanquished Creatures
  2 adders (D:2)
  A giant gecko (D:2)
  6 bats (D:1)
  5 giant cockroaches
  2 goblins
  3 hobgoblins
  2 jackals (D:1)
  4 giant newts
  A kobold (D:1)
  4 rats (D:1)
30 creatures vanquished.

Notes
Turn   | Place    | Note
--------------------------------------------------------------
     0 | D:1      | manyhoops the Deep Elf Air Elementalist began the quest for the Orb.
     0 | D:1      | Reached XP level 1. HP: 10/10 MP: 6/6
   279 | D:1      | Reached XP level 2. HP: 15/15 MP: 1/8
   687 | D:1      | Reached skill level 4 in Spellcasting
  1000 | D:2      | Reached XP level 3. HP: 19/19 MP: 2/10
  1004 | D:2      | Learned a level 2 spell: Swiftness
  1007 | D:2      | Learned a level 2 spell: Repel Missiles
  1011 | D:2      | Learned a level 3 spell: Static Discharge
  1491 | D:2      | Slain by an adder

Action                   || total
-------------------------++-------
Melee: Unarmed           ||     2
       Dagger            ||     2
 Cast: Shock             ||    75
       Repel Missiles    ||     1
       Static Discharge  ||     1
  Use: Scroll            ||     2
       Potion            ||     2
  Eat: Bread ration      ||     1
